 Dungeon Crawl Stone Soup version 0.17-a0-1078-g243345b (webtiles) character file.

828 Hanyuu the Insei (level 7, -1/46 HPs)
             Began as an Octopode Transmuter on May 19, 2015.
             Was a Follower of Makhleb.
             Shot with an arrow of flame by a centaur (14 damage)
             ... on level 5 of the Dungeon.
             The game lasted 00:14:23 (4723 turns).

Hanyuu the Insei (Octopode Transmuter)              Turns: 4723, Time: 00:14:24

Health: -1/46      AC:  2    Str:  9    XL:     7   Next: 97%
Magic:  0/10       EV: 21    Int: 17    God:    Makhleb [*.....]
Gold:   232        SH:  0    Dex: 18    Spells: 3 memorised, 4 levels left

rFire  . . .     SeeInvis .       - Unarmed
rCold  . . .     Clarity  .     (shield currently unavailable)
rNeg   . . .     SustAb   .     (helmet currently unavailable)
rPois  .         Gourm    .     C - amulet of resist corrosion
rElec  .         Spirit   .     x - ring of poison resistance
rCorr  +         Warding  .     (no ring)
rMut   .         Stasis   .     (no ring)
MR     .....                    (no ring)
Stlth  ++........               (no ring)
                                (no ring)
                                (no ring)
                                (no ring)

@: spider-form, very slightly contaminated, not resistant to hostile
enchantments, unstealthy
A: almost no armour, amphibious, 8 rings, (constrict 8), (camouflage 0),
(gelatinous body 0)
a: End Transformation, Renounce Religion


You were on level 5 of the Dungeon.
You worshipped Makhleb.
Makhleb was aware of your devotion.
You were hungry.
You were a venomous arachnid creature.
You visited 1 branch of the dungeon, and saw 5 of its levels.

You collected 232 gold pieces.

Inventory:

Hand weapons
 o - a +0 hunting sling
Missiles
 a - 68 arrows
 f - 3 throwing nets (quivered)
 g - 3 tomahawks
 p - 9 sling bullets
Jewellery
 x - a ring of poison resistance (left front leg)
 C - an amulet of resist corrosion (around neck)
Scrolls
 d - 11 scrolls of identify
 i - a scroll of recharging {unknown}
 j - a scroll of enchant armour {unknown}
 l - a scroll of teleportation
 m - 2 scrolls of enchant weapon {unknown}
 u - a scroll of remove curse
 y - a scroll of fog {unknown}
 E - a scroll of amnesia {unknown}
 F - a scroll of torment {unknown}
 G - a scroll of blinking
Potions
 e - 2 potions of curing
 k - a potion of mutation {unknown}
 n - 2 potions of might
 q - 2 potions of beneficial mutation {unknown}
 s - 2 potions of degeneration {unknown}
 w - a potion of magic {unknown}
 A - a potion of resistance {unknown}
 B - a potion of haste {unknown}
Books
 b - a book of Changes

   Spells                             Type                      Level
   a - Beastly Appendage              Transmutation                1
   b - Sticks to Snakes               Transmutation                2
   c - Spider Form                    Transmutation/Poison         3
   d - Ice Form                       Ice/Transmutation            4
   e - Blade Hands                    Transmutation                5
 v - a book of Enchantments

   Spells                             Type                      Level
   a - Cause Fear                     Hexes                        4
   b - Silence                        Hexes/Air                    5
   c - Deflect Missiles               Charms/Air                   6
   d - Haste                          Charms                       6
   e - Discord                        Hexes                        8
Comestibles
 c - 3 bread rations
 h - 2 meat rations
 r - a slice of pizza
 t - 3 fruits
 z - 2 beef jerkies
 D - 2 chunks of flesh


   Skills:
 - Level 3.0 Fighting
 - Level 3.1 Dodging
 * Level 7.6 Unarmed Combat
 - Level 2.0 Spellcasting
 + Level 3.6 Transmutations


You had 4 spell levels left.
You knew the following spells:

 Your Spells              Type           Power        Failure   Level  Hunger
a - Beastly Appendage     Trmt           ##....       14%         1    #......
b - Sticks to Snakes      Trmt           ##........   24%         2    ###....
c - Spider Form           Trmt/Pois      #.........   52%         3    ###....


Dungeon Overview and Level Annotations

Branches:
Dungeon (5/15)             Temple (0/1) D:5

Altars:
Makhleb
Xom
Yredelemnul


Innate Abilities, Weirdness & Mutations

You cannot wear most types of armour.
You are amphibious.
You can wear up to eight rings at the same time.
((You can use your tentacles to constrict eight enemies at once.))
((Your skin changes colour to match your surroundings (Stealth).))
((Your rubbery body absorbs attacks (AC +1).))


Message History

The centaur shoots an arrow.
The arrow completely misses you.
You see here an arrow.
You close the door.
Your transformation has ended.
Casting: Spider Form
Confirm with . or Enter, or press ? or * to list all spells.
You miscast Spider Form.
Waves of light ripple over your body.
A centaur opens the door.
The centaur shoots an arrow.
The arrow hits you!
* * * LOW HITPOINT WARNING * * *
Casting: Spider Form
Confirm with . or Enter, or press ? or * to list all spells.
You miscast Spider Form.
You feel faint for a moment.
You are feeling hungry.
The centaur shoots an arrow.
The arrow closely misses you.
Casting: Spider Form
Confirm with . or Enter, or press ? or * to list all spells.
You turn into a venomous arachnid creature.
The centaur shoots an arrow of flame.
The arrow of flame hits you!
You die...

######### #...(...# #.......#
#.......# #####
################s......####.....
ยง((..........(c'c......+........
################.....8>8....#
#.......#.##. #######...# ###+#.#
#....## #####....# #........#


You could see 2 centaurs.

Vanquished Creatures
  Duvessa (D:4)
  An ice beast (D:5)
  A phantom (D:4)
  Dowan (D:4)
  2 orc priests (D:5)
  Crazy Yiuf (D:3)
  Ijyb (D:2)
  2 hounds
  A jelly (D:5)
  3 orc wizards
  2 worker ants (D:4)
  4 adders
  4 gnolls (D:3)
  2 oozes (D:1)
  An adder skeleton (D:2)
  3 worms
  4 giant geckos
  13 orcs
  A ball python (D:4)
  7 bats
  2 bat skeletons
  A bat zombie (D:2)
  4 giant cockroaches
  9 goblins
  10 hobgoblins
  2 quokkas
  A giant cockroach zombie (D:2)
  5 giant newts
  A jackal zombie (D:2)
  8 kobolds
  A quokka skeleton (D:2)
  14 rats
113 creatures vanquished.

Notes
Turn   | Place    | Note
--------------------------------------------------------------
     0 | D:1      | Hanyuu the Octopode Transmuter began the quest for the Orb.
     0 | D:1      | Reached XP level 1. HP: 13/13 MP: 3/3
   331 | D:1      | Reached XP level 2. HP: 13/18 MP: 5/5
   918 | D:1      | Reached skill level 4 in Unarmed Combat
   922 | D:1      | Reached XP level 3. HP: 17/23 MP: 6/6
   926 | D:1      | Learned a level 2 spell: Sticks to Snakes
   930 | D:1      | Learned a level 3 spell: Spider Form
  1560 | D:2      | Reached XP level 4. HP: 28/28 MP: 7/7
  1611 | D:2      | Noticed Ijyb
  1626 | D:2      | Killed Ijyb
  1626 | D:2      | Reached skill level 5 in Unarmed Combat
  2050 | D:3      | Reached XP level 5. HP: 28/33 MP: 6/8
  2127 | D:3      | Found a burning altar of Makhleb.
  2134 | D:3      | Became a worshipper of Makhleb the Destroyer
  2662 | D:3      | Found a basalt altar of Yredelemnul.
  2722 | D:3      | Noticed Crazy Yiuf
  2741 | D:3      | Killed Crazy Yiuf
  2741 | D:3      | Reached skill level 6 in Unarmed Combat
  2741 | D:3      | Reached XP level 6. HP: 12/38 MP: 1/9
  3089 | D:4      | Acquired Makhleb's first power
  3322 | D:4      | Noticed Dowan
  3330 | D:4      | Noticed Duvessa
  3336 | D:4      | Killed Dowan
  3636 | D:4      | Killed Duvessa
  3636 | D:4      | Reached XP level 7. HP: 33/46 MP: 7/10
  4113 | D:4      | Reached skill level 7 in Unarmed Combat
  4178 | D:4      | Found a shimmering altar of Xom.
  4307 | D:5      | Entered Level 5 of the Dungeon
  4675 | D:5      | Found a staircase to the Ecumenical Temple.
  4723 | D:5      | Shot with an arrow of flame by a centaur

Vault maps used:
D:1:      minmay_arrival_shattered_statue, minmay_misc_feat_four_crosses,
          hangedman_decor_points
D:2:      serial_undead, serial_undead_f, serial_undead_a, serial_undead_c,
          serial_undead_f, uniq_iyjb
D:3:      overflow_temple_1_default, makhleb_heckhound_becter,
          uniq_crazy_yiuf_cottage
D:4:      kennysheep_little_box, first_bread, uniq_duvessa
D:5:      temple_statues

Action                   |  1- 3 |  4- 6 |  7- 9 || total
-------------------------+-------+-------+-------++-------
Melee: Unarmed           |    95 |   128 |    61 ||   284
 Cast: Beastly Appendage |     5 |     4 |     4 ||    13
       Spider Form       |       |     8 |     7 ||    15
 Abil: End Transformatio |       |     1 |       ||     1
  Use: Scroll            |     1 |     3 |     1 ||     5
       Potion            |       |     1 |       ||     1
 Stab: Sleeping          |     2 |     2 |     1 ||     5
  Eat: Chunk             |     2 |     7 |     5 ||    14
       Fruit             |       |     1 |       ||     1
